 Dungeon Crawl Stone Soup version 0.20.1-1-g8b1a95d (webtiles) character file.

11453 happy2pester the Blocker (level 11, -33/95 HPs)
             Began as a Hill Orc Fighter on Dec 29, 2017.
             Was an Elder of Beogh.
             Hit by a large rock thrown by a cyclops (41 damage)
             ... on level 12 of the Dungeon.
             The game lasted 00:28:18 (10122 turns).

happy2pester the Blocker (Hill Orc Fighter)        Turns: 10122, Time: 00:28:19

Health: -33/95     AC: 16    Str: 23    XL:     11   Next: 78%
Magic:  0/11       EV: 11    Int: 10    God:    Beogh [****..]
Gold:   380        SH: 18    Dex: 10    Spells: 10/10 levels left

rFire    . . .     SeeInvis .   E - +0 flail (holy)
rCold    . . .     Gourm    .   c - +0 shield
rNeg     + . .     Faith    .   b - +1 scale mail
rPois    .         Spirit   +   T - +1 helmet
rElec    .         Reflect  +   x - scarf {Spirit}
rCorr    .         Harm     .   D - +0 pair of gloves (curse)
MR       .....                  k - +0 pair of boots
Stlth    ..........             e - +6 amulet of reflection
Regen    0.3/turn               y - ring of positive energy
MPRegen  0.2/turn               (no ring)

@: about to teleport
A: yellow scales 1, strong 1
a: Smiting, Recall Orcish Followers, Renounce Religion


You were on level 12 of the Dungeon.
You worshipped Beogh.
Beogh was greatly pleased with you.
You were not hungry.

You visited 2 branches of the dungeon, and saw 13 of its levels.

You collected 470 gold pieces.
You spent 90 gold pieces at shops.

Inventory:

Hand Weapons
 a - a +1 flail
 s - a +0 mace of protection
 t - a +3 flail of draining
 u - a +3 war axe
 E - a +0 flail of holy wrath (weapon)
 H - the +6 spear of the Original Sin {pierce, rN+ MR+}
   (You found it on level 6 of the Dungeon)

   It inflicts extra damage upon your enemies.
   It protects you from negative energy.
   It affects your resistance to hostile enchantments.
 K - a +1 dire flail of holy wrath
Missiles
 g - 12 tomahawks (quivered)
Armour
 b - a +1 scale mail (worn)
 c - a +0 shield (worn)
 k - a +0 pair of boots (worn)
 x - a scarf of spirit shield (worn)
 D - a cursed +0 pair of gloves (worn)
 T - a +1 helmet (worn)
Jewellery
 e - a +6 amulet of reflection (around neck)
 y - a ring of positive energy (left hand)
 A - an uncursed ring of protection from magic {unknown}
 L - a +2 amulet of reflection
Wands
 r - a wand of lightning (4/15)
 B - a wand of acid (7/15)
 C - a wand of polymorph (14/24)
 I - a wand of polymorph (10/24)
 J - a wand of confusion (34/48)
 M - a wand of acid (8/15)
 N - a wand of flame (0/48)
 O - a wand of flame (17/48)
 P - a wand of enslavement (5/24)
 Q - a wand of iceblast (5/15)
 S - a wand of paralysis (13/24)
Scrolls
 l - 2 scrolls of teleportation
 v - a scroll of recharging
 w - 3 scrolls of fear
 G - 2 scrolls of remove curse
 R - a scroll of identify
 U - a scroll of random uselessness {unknown}
Potions
 m - 4 potions of magic
 n - a potion of agility
 o - 5 potions of flight
 p - 3 potions of brilliance
 q - 7 potions of curing
 W - 2 potions of haste {unknown}
Books
 z - a book of Debilitation

   Spells                             Type                      Level
   a - Corona                         Hexes                        1
   b - Slow                           Hexes                        2
   c - Inner Flame                    Hexes/Fire                   3
   d - Portal Projectile              Hexes/Translocation          3
   e - Cause Fear                     Hexes                        4
   f - Leda's Liquefaction            Hexes/Earth                  4
 F - a book of Misfortune

   Spells                             Type                      Level
   a - Confusing Touch                Hexes                        1
   b - Confuse                        Hexes                        3
   c - Gell's Gravitas                Translocation                3
   d - Petrify                        Transmutation/Earth          4
   e - Metabolic Englaciation         Hexes/Ice                    5
   f - Yara's Violent Unravelling     Hexes/Transmutation          5
 V - a book of Power

   Spells                             Type                      Level
   a - Iskenderun's Battlesphere      Conjuration/Charms           5
   b - Venom Bolt                     Conjuration/Poison           5
   c - Bolt of Magma                  Conjuration/Fire/Earth       5
   d - Iron Shot                      Conjuration/Earth            6
   e - Orb of Destruction             Conjuration                  7
   f - Spellforged Servitor           Conjuration/Summoning        7
Comestibles
 d - a chunk of flesh
 f - 9 bread rations
 h - 2 royal jellies
 i - 6 meat rations
 j - 27 fruits


   Skills:
 + Level 8.4 Fighting
 + Level 10.9 Maces & Flails
 + Level 3.2 Throwing
 + Level 8.2 Armour
 + Level 4.8 Dodging
 + Level 0.8 Stealth
 + Level 11.5 Shields
 + Level 0.6 Invocations


You had 10 spell levels left.
You didn't know any spells.

Dungeon Overview and Level Annotations

Branches:
Dungeon (12/15)            Temple (1/1) D:6            Lair (0/6) D:9
    Orc (0/2) D:11

Altars:
Ashenzari
Cheibriados
Dithmenos
Elyvilon
Fedhas
Gozag
Hepliaklqana
Kikubaaqudgha
Makhleb
Nemelex Xobeh
Okawaru
Qazlal
Ru
Sif Muna
Trog
Uskayaw
Vehumet
Xom
Yredelemnul
Zin
The Shining One
Lugonu

Shops:
D:8 ?

Annotations:
D:9 exclusion: oklob plant


Innate Abilities, Weirdness & Mutations

You are partially covered in yellow scales. (AC +2)
Your muscles are strong. (Str +2)


Message History

The brown ugly thing is moderately wounded.
You sock the brown ugly thing!
The brown ugly thing is moderately wounded.
You block the brown ugly thing's attack.
The cyclops throws a large rock.
The large rock hits you!!
* * * LOW HITPOINT WARNING * * *
As you read the scroll of teleportation, it crumbles to dust.
You feel strangely unstable.
You block the brown ugly thing's attack.
The cyclops throws a large rock.
The large rock hits you!
* * * LOW HITPOINT WARNING * * *
You sock the brown ugly thing!
The brown ugly thing is heavily wounded.
You are no longer corroded.
You block the brown ugly thing's attack.
You hit the brown ugly thing.
The brown ugly thing is heavily wounded.
You block the brown ugly thing's attack.
The cyclops throws a large rock.
The large rock hits you!!!
You die...

##########+##
#............
#............
#...........C
#....u:......
#....@.......
#............
#............
#............
#############


You could see a brown ugly thing and a cyclops.

Vanquished Creatures
  3 two-headed ogres
  Nergalle (D:11)
  An ugly thing (D:11)
  The ghost of cirnu the Slasher, a novice DsFi (D:6)
  2 centaur zombies
  Joseph (D:7)
  The ghost of Plasmagod the Shield-Bearer, an amateur MiFi of Elyvilon (D:4)
  A troll (D:8)
  2 hippogriffs
  Grinder (D:6)
  2 yaks (D:9)
  4 wyverns (D:8)
  Eustachio (D:4)
  3 hungry ghosts
  Edmund (D:6)
  2 ice beasts (D:8)
  4 orc warriors (D:8)
  4 sky beasts
  2 phantoms
  5 ogres
  2 black bears
  2 centaurs (D:8)
  A big kobold (D:8)
  2 bullfrogs
  3 scorpions
  4 wights
  3 howler monkeys
  4 crimson imps
  A quasit (D:10)
  7 orc priests
  7 hounds
  An iron imp (D:5)
  A jelly (D:11)
  Crazy Yiuf (D:2)
  9 orc wizards
  A centaur skeleton (D:8)
  3 iguanas
  7 worker ants
  A howler monkey zombie (D:7)
  A worker ant zombie (D:8)
  3 gnolls (D:3)
  2 howler monkey skeletons
  13 adders
  A shadow imp (D:10)
  An adder zombie (D:7)
  2 worms
  A dart slug (D:1)
  2 leopard geckos
  29 orcs
  7 giant cockroaches
  6 hobgoblins
  6 jackals
  3 quokkas
  3 ball pythons (D:1)
  5 bats
  4 frilled lizards
  9 goblins
  A jackal zombie (D:5)
  3 kobolds
  2 leopard gecko skeletons
  5 rats
211 creatures vanquished.

Vanquished Creatures (collateral kills)
  An ugly thing (D:11)
  A centaur skeleton (D:11)
  A hornet (D:11)
  A shadow (D:11)
  6 yaks
  An eye of draining (D:11)
  A centaur (D:11)
  A bullfrog (D:11)
  2 howler monkeys (D:9)
  A crimson imp (D:9)
  A jelly (D:10)
  An orc wizard (D:10)
  An orc priest (D:9)
  A worker ant zombie (D:11)
  2 orcs
22 creatures vanquished.

Vanquished Creatures (others)
  An orc knight (D:11)
  An orc warrior (D:11)
  A centaur (D:6)
  3 orc wizards
  14 orcs
  A hobgoblin (D:3)
  2 kobolds (D:3)
  A rat (D:3)
24 creatures vanquished.

Grand Total: 257 creatures vanquished

Notes
Turn   | Place    | Note
-------+----------+-------------------------------------------
     0 | D:1      | happy2pester the Hill Orc Fighter began the quest for the Orb.
     0 | D:1      | Reached XP level 1. HP: 19/19 MP: 1/1
   127 | D:1      | Reached XP level 2. HP: 24/27 MP: 2/2
   282 | D:1      | Reached XP level 3. HP: 23/33 MP: 3/3
   948 | D:2      | Found a runed door.
   953 | D:2      | Noticed Crazy Yiuf
   958 | D:2      | Killed Crazy Yiuf
   958 | D:2      | Reached XP level 4. HP: 40/40 MP: 4/4
  1045 | D:2      | Reached skill level 1 in Dodging
  1281 | D:3      | Reached skill level 4 in Shields
  1326 | D:3      | Reached XP level 5. HP: 11/46 MP: 5/5
  1391 | D:3      | Became a worshipper of Beogh the Brigand
  1696 | D:3      | Gained mutation: You have an increased reservoir of magic. (+10% MP) [potion of mutation]
  1696 | D:3      | Gained mutation: You have a pair of small horns on your head. [potion of mutation]
  1696 | D:3      | Gained mutation: You possess an exceptional clarity of mind. [potion of mutation]
  2121 | D:3      | Noticed an ogre
  2132 | D:3      | Killed an ogre
  2132 | D:3      | Reached XP level 6. HP: 30/53 MP: 6/6
  2537 | D:4      | Reached skill level 5 in Shields
  2538 | D:4      | Noticed Plasmagod's ghost (amateur MiFi)
  2557 | D:4      | Killed Plasmagod's ghost
  2557 | D:4      | Reached XP level 7. HP: 34/60 MP: 7/7
  2558 | D:4      | Reached skill level 5 in Maces & Flails
  2794 | D:4      | Reached * piety under Beogh
  2818 | D:4      | Noticed Eustachio
  2865 | D:4      | Killed Eustachio
  2865 | D:4      | Reached skill level 6 in Shields
  2865 | D:4      | Reached XP level 8. HP: 23/67 MP: 3/8
  3375 | D:5      | Entered Level 5 of the Dungeon
  3401 | D:5      | Found a glowing silver altar of Zin.
  3405 | D:5      | Found an opulent altar of Gozag.
  3410 | D:5      | Found a deep blue altar of Sif Muna.
  3448 | D:5      | Found a snail-covered altar of Cheibriados.
  3468 | D:5      | Reached skill level 5 in Fighting
  3488 | D:5      | Reached skill level 5 in Armour
  3634 | D:5      | Lost mutation: You possess an exceptional clarity of mind. [potion of mutation]
  3634 | D:5      | Lost mutation: You have a pair of small horns on your head. [potion of mutation]
  3634 | D:5      | Lost mutation: You have an increased reservoir of magic. (+10% MP) [potion of mutation]
  3634 | D:5      | Gained mutation: Your muscles are strong. (Str +2) [potion of mutation]
  3634 | D:5      | Gained mutation: You are partially covered in yellow scales. (AC +2) [potion of mutation]
  3829 | D:5      | Found an ancient bone altar of Kikubaaqudgha.
  3893 | D:5      | Found a basalt altar of Yredelemnul.
  4024 | D:6      | Noticed Grinder
  4028 | D:6      | Paralysed by Grinder for 7 turns
  4039 | D:6      | Paralysed by Grinder for 4 turns
  4044 | D:6      | Killed Grinder
  4044 | D:6      | Reached skill level 7 in Shields
  4100 | D:6      | Reached skill level 1 in Throwing
  4142 | D:6      | Found a staircase to the Ecumenical Temple.
  4158 | D:6      | Noticed cirnu's ghost (novice DsFi)
  4195 | D:6      | Killed cirnu's ghost
  4195 | D:6      | Reached XP level 9. HP: 62/75 MP: 9/9
  4310 | Temple   | Entered the Ecumenical Temple
  4401 | D:6      | Got a steaming spear
  4433 | D:6      | Found a white marble altar of Elyvilon.
  4766 | D:6      | Found a sparkling altar of Nemelex Xobeh.
  4766 | D:6      | Found a bloodstained altar of Trog.
  4916 | D:6      | Noticed Edmund
  4937 | D:6      | Killed Edmund
  4937 | D:6      | Reached skill level 8 in Shields
  5046 | D:7      | Found a shadowy altar of Dithmenos.
  5187 | D:7      | Found a glowing golden altar of the Shining One.
  5192 | D:7      | Noticed Joseph
  5193 | D:7      | Reached ** piety under Beogh
  5222 | D:7      | Killed Joseph
  5665 | D:7      | Found a radiant altar of Vehumet.
  5665 | D:7      | Found a burning altar of Makhleb.
  5925 | D:8      | Reached XP level 10. HP: 73/84 MP: 10/10
  6290 | D:8      | Found Osow's Magic Scroll Shoppe.
  6298 | D:8      | Bought a scroll of identify for 30 gold pieces
  6298 | D:8      | Bought a scroll of identify for 30 gold pieces
  6298 | D:8      | Bought a scroll of identify for 30 gold pieces
  6299 | D:8      | Identified the +6 spear of the Original Sin {pierce, rN+ MR+} (You found it on level 6 of the Dungeon)
  6410 | D:8      | Reached skill level 9 in Shields
  6894 | D:8      | Noticed a two-headed ogre
  6908 | D:8      | Killed a two-headed ogre
  7106 | D:9      | Reached *** piety under Beogh
  7576 | D:8      | Reached skill level 10 in Shields
  7830 | D:8      | Reached XP level 11. HP: 75/92 MP: 11/11
  8177 | D:9      | Reached skill level 10 in Maces & Flails
  8324 | D:9      | Found a staircase to the Lair.
  8508 | D:9      | Found an ancient bone altar of Kikubaaqudgha.
  8584 | D:9      | Found a blossoming altar of Fedhas.
  8609 | D:9      | Noticed an oklob plant
  8777 | D:10     | Entered Level 10 of the Dungeon
  9029 | D:10     | Reached **** piety under Beogh
  9346 | D:10     | Noticed a two-headed ogre
  9372 | D:10     | Killed a two-headed ogre
  9619 | D:10     | Noticed a two-headed ogre
  9631 | D:10     | Killed a two-headed ogre
  9631 | D:10     | Reached skill level 11 in Shields
  9945 | D:11     | Found a staircase to the Orcish Mines.
  9960 | D:11     | Noticed Nergalle
  9960 | D:11     | Noticed a green ugly thing
  9971 | D:11     | Killed a green ugly thing
  9982 | D:11     | Killed Nergalle
 10016 | D:11     | Noticed a purple ugly thing
 10035 | D:11     | Killed a red ugly thing
 10099 | D:11     | Noticed a brown ugly thing
 10103 | D:11     | Noticed a manticore
 10115 | D:12     | Noticed a cyclops
 10122 | D:12     | Hit by a large rock thrown by a cyclops

Skill      XL: |  1  2  3  4  5  6  7  8  9 10 11 |
---------------+----------------------------------+-----
Fighting       | 4 6 7 8 |  8.4
Maces & Flails | 3 4 5 7 8 9 10 | 10.9
Dodging        | 1 2 3 4 |  4.8
Shields        | 4 5 6 7 8 10 11 | 11.5
Armour         | 4 5 6 7 8 |  8.2
Throwing       | 1 2 3 |  3.2
Stealth        | |  0.8
Invocations    | |  0.6

Action                   |  1- 3 |  4- 6 |  7- 9 | 10-12 || total
-------------------------+-------+-------+-------+-------++-------
Melee: Flail             |   142 |       |   336 |   529 ||  1007
       Mace              |     4 |   174 |   102 |       ||   280
       Headbutt          |       |    17 |    15 |       ||    32
Throw: Tomahawk          |       |     8 |    31 |    26 ||    65
Invok: Convert to Beogh  |       |     1 |       |       ||     1
       Smiting           |       |       |       |     2 ||     2
  Use: Scroll            |     6 |     4 |    12 |    10 ||    32
       Potion            |       |     6 |     4 |     4 ||    14
 Stab: Distracted        |       |       |       |     1 ||     1
  Eat: Chunk             |       |     6 |    11 |    13 ||    30
       Royal jelly       |       |       |       |     2 ||     2
       Fruit             |       |       |       |     1 ||     1
Armor: Scale mail        |    74 |    40 |   141 |   114 ||   369
Dodge: Dodged            |    35 |    31 |   113 |   127 ||   306
Block: Shield            |    90 |   147 |   406 |   457 ||  1100
       Reflection        |     2 |     3 |     7 |     5 ||    17
